 Dungeon Crawl Stone Soup version 0.31-a0-538-gbc85326fa9 (webtiles) character file.

Game seed: 11450266355972465825

104577 Pooter the Severer (level 15, -4/205 HPs)
             Began as a Minotaur Berserker on Aug 13, 2023.
             Was an Elder of Trog.
             Slain by a vault guard
             ... wielding a +1 halberd
              (10 damage)
             ... on level 14 of the Dungeon on Aug 14, 2023.
             The game lasted 02:26:34 (32941 turns).

Pooter the Severer (Minotaur Berserker)            Turns: 32941, Time: 02:26:34

Health: -4/205     AC: 21    Str: 31    XL:     15   Next: 92%
Magic:  4/4        EV: 14    Int:  4    God:    Trog [****..]
Gold:   650        SH:  0    Dex: 14    Spells: 14/14 levels left

rFire   . . .        a - +4 executioner's axe (antimagic)
rCold   . . .        (shield currently unavailable)
rNeg    + . .        s - +4 plate armour
rPois   .            (helmet restricted)
rElec   .            B - scarf {shadows}
rCorr   .            (no gloves)
SInv    +            w - +1 pair of boots "Gunne" {Fly Slay+3 SInv}
Will    +++..        h - amulet of regeneration Stlth
                     V - +5 ring of evasion
HPRegen 2.34/turn    U - ring "Zablieju" {+Blink rN+ Str+6}
MPRegen 0.09/turn

%: no passive effects
@: berserking, strong-willed, flying, regenerating, very quick
A: horns 2, retaliatory headbutt
a: Renounce Religion, Evoke Blink, Berserk, Trog's Hand, Brothers in Arms


You were on level 14 of the Dungeon.
You worshipped Trog.
Trog was greatly pleased with you.
You visited 3 branches of the dungeon, and saw 21 of its levels.
You also visited: Bailey and Gauntlet.

You collected 1804 gold pieces.
You spent 1154 gold pieces at shops.

Inventory:

Hand Weapons
 a - a +4 antimagic executioner's axe (weapon)
   (Trog gifted it to you on level 14 of the Dungeon)
 b - a +2 arbalest of freezing
   (You found it on level 9 of the Dungeon)
 c - a +5 broad axe of flaming
   (You took it off Maggie on level 5 of the Dungeon)
 S - a +2 heavy dire flail
   (You took it off an ettin on level 1 of the Orcish Mines)
Missiles
 y - 12 javelins
 z - 26 boomerangs (quivered)
 G - 5 darts of dispersal {!f}
 O - 2 curare-tipped darts
 X - 13 atropa-tipped darts
Armour
 s - a +4 plate armour (worn)
   (You found it on level 2 of the Dungeon)
 w - the +1 pair of boots "Gunne" (worn) {Fly Slay+3 SInv}
   (You found it on level 3 of the Dungeon)

   Slay+3:    It affects your accuracy & damage with ranged weapons and melee
   (+3).
   SInv:      It lets you see invisible.
   Fly:       It grants you flight.
 B - a scarf of shadows (worn)
   (You found it on level 5 of the Dungeon)
 Q - a +2 pair of boots of rampaging
   (You found it on level 4 of the Lair of Beasts)
Jewellery
 h - an amulet of regeneration (around neck)
   (You bought it in a shop on level 7 of the Dungeon)
 i - a ring of protection from cold
   (You found it on level 5 of the Dungeon)
 j - an amulet of reflection
   (You found it on level 1 of the Dungeon)
 p - the amulet of Eternal Harmony {Spirit *Slow +Inv Will++ Int+2}
   (You found it in a Gauntlet)

   [amulet of guardian spirit]

   Spirit:    It causes incoming damage to be divided between your reserves of
   health and magic.
   Int+2:     It affects your intelligence (+2).
   Will++:    It greatly increases your willpower.
   +Inv:      It lets you turn invisible.
   *Slow:     It may slow you when you take damage.
 u - a +4 ring of protection
   (You found it on level 3 of the Dungeon)
 F - a ring of protection from fire
   (You took it off an orc warrior on level 2 of the Orcish Mines)
 I - the ring "Foxetis" {rC+ MP-9 Str+5}
   (You found it on level 9 of the Dungeon)

   [ring of protection from cold]

   Str+5:     It affects your strength (+5).
   rC+:       It protects you from cold.
   MP-9:      It affects your magic capacity (-9).
 P - the ring of Qieti {rPois rN+}
   (You acquired it on level 11 of the Dungeon)

   [ring of positive energy]

   rPois:     It protects you from poison rN+: It protects you from negative
   energy.
 U - the ring "Zablieju" (right hand) {+Blink rN+ Str+6}
   (You bought it in a shop on level 2 of the Orcish Mines)

   [ring of strength]

   Str+6:     It affects your strength (+6).
   rN+:       It protects you from negative energy.
   +Blink:    It lets you blink.
 V - a +5 ring of evasion (left hand)
   (You took it off a gnoll bouda on level 9 of the Dungeon)
 W - a ring of willpower
   (You found it on level 8 of the Dungeon)
Wands
 d - a wand of iceblast (17)
   (You found it on level 2 of the Lair of Beasts)
 f - a wand of flame (35)
   (You found it on level 7 of the Dungeon)
 r - a wand of quicksilver (10)
   (You found it on level 10 of the Dungeon)
 D - a wand of digging (14)
   (You found it on level 10 of the Dungeon)
 N - a wand of polymorph (14)
   (You took it off Pikel on level 6 of the Dungeon)
 T - a wand of charming (14)
   (You found it in a Gauntlet)
 Z - a wand of mindburst (12)
   (You found it in a Gauntlet)
Scrolls
 e - 2 scrolls of fear
 g - 2 scrolls of revelation
 l - 2 scrolls of poison {!r}
 q - 5 scrolls of noise {!r}
 t - 4 scrolls of teleportation {@r4}
 x - 4 scrolls of immolation {!r}
 Y - a scroll of blinking
Potions
 k - a potion of might
 m - 6 potions of curing {@q1}
 n - 3 potions of haste {@q3}
 o - 5 potions of attraction {!q}
 A - a potion of degeneration {unknown}
 C - 6 potions of heal wounds {@q2}
 E - a potion of invisibility
 H - 2 potions of berserk rage {unknown}
 K - a potion of cancellation {unknown}
 L - 2 potions of enlightenment
 M - 3 potions of mutation {!q}
 R - a potion of experience {unknown}
Miscellaneous
 v - a box of beasts
   (You found it on level 9 of the Dungeon)
 J - a tin of tremorstones (2/2)
   (You found it on level 9 of the Dungeon)


   Skills:
 + Level 13.9 Fighting
 * Level 18.0(18.4) Axes
 + Level 6.1(13.2) Maces & Flails
 * Level 16.6 Ranged Weapons
 - Level 13.0 Throwing
 - Level 10.4 Armour
 - Level 2.1 Dodging
 - Level 4.0 Stealth
 + Level 7.4 Evocations


You had 14 spell levels left.
You didn't know any spells.
Your spell library was empty.

Dungeon Overview and Level Annotations

Branches:
Dungeon (14/15) Zot: 22956  Temple (0/1) D:5            Lair (5/5) D:10 Zot: 24107
 Shoals (0/4) Lair:3        Snake (0/4) Lair:3        Slime (0/5) Lair:5
    Orc (2/2) D:11 Zot: 6224     Elf (0/3) Orc:2        Bailey (visited)
Gauntlet (visited)
 Vaults: D:13-14

Altars:
Ashenzari
Cheibriados
Fedhas
Hepliaklqana
Kikubaaqudgha
Makhleb
Nemelex Xobeh
Ru
Sif Muna
Vehumet
Xom
Yredelemnul
Zin
The Shining One

Shops:
D:7 =   D:9 *   Orc:2 *?(*

Annotations:
Lair:2 3 runed translucent doors, Ocaujig's ghost, journeyman FeCK


Innate Abilities, Weirdness & Mutations

You have a pair of horns on your head.
You reflexively headbutt those who attack you in melee.


Message History

You headbutt the vault guard!!
The vault guard hits you from afar with a +1 halberd!
* * * LOW HITPOINT WARNING * * *
Your troll bites the vault guard!
Your troll claws the vault guard!
Your troll closely misses the vault guard.
The vault guard hits your troll with a +0 dire flail!
Your troll dies!
Your troll's corpse disappears in a puff of smoke!
The vault guard closely misses you. You furiously retaliate!
You headbutt the vault guard! You carve the vault guard like a ham!!!
You kill the vault guard!
Trog accepts your kill.
You slash the vault guard! You slice the vault guard!!
You closely miss the vault guard. You slice the vault guard!!
The vault guard hits you with a +0 battleaxe.
* * * LOW HITPOINT WARNING * * *
The vault guard hits you but does no damage.
The vault guard hits you from afar with a +1 halberd!!
* * * LOW HITPOINT WARNING * * *
You slash the vault guard! You closely miss the vault guard.
The vault guard hits you from afar with a +1 halberd!
* * * LOW HITPOINT WARNING * * *
The vault guard hits you with a +0 great mace!
* * * LOW HITPOINT WARNING * * *
The vault guard hits you with a +0 battleaxe!
* * * LOW HITPOINT WARNING * * *
You slash the vault guard! You hit the vault guard.
You kill the vault guard!
Trog accepts your kill.
You hit the vault guard. You barely miss the vault guard. x2
The vault guard hits you but does no damage.
The vault guard hits you from afar with a +1 halberd!
* * * LOW HITPOINT WARNING * * *
The vault guard hits you with a +0 battleaxe!
* * * LOW HITPOINT WARNING * * *
You barely miss the vault guard. You headbutt the vault guard!
You slice the vault guard!!
You kill the vault guard!
Trog accepts your kill.
You slash the vault guard!
The vault guard hits you with a +0 dire flail!
* * * LOW HITPOINT WARNING * * *
The vault guard misses you.
You slash the vault guard!
The vault guard hits you with a +0 dire flail.
* * * LOW HITPOINT WARNING * * *
The vault guard hits you from afar with a +1 halberd!
You die...

#.....###+#.......#
................#
................#
.......######...#
####...# #...#
#...# #...# ###
#...# #...# #..
#...# #...#####..
#.)@# #..........
#pp)# #....######
.l.p..# #....#.....
.###...#
#....#....< #...#
#....#..... #...#
#....#..... #....
.....###### .. ##


You could see 3 vault guards and a basilisk.

Vanquished Creatures
  Rupert (Orc:2)
  A frost giant (D:14)
  2 orc warlords
  A minotaur (Gauntlet)
  Snorg (D:11)
  An ettin (Orc:1)
  Josephine (Orc:1)
  Erolcha (D:9)
  An ice dragon (D:14)
  5 vault guards (D:14)
  6 hydras
  Erica (D:8)
  6 centaur warriors
  A catoblepas (D:14)
  A merfolk avatar (Lair:5)
  6 boulder beetles
  6 death yaks
  8 two-headed ogres
  A tengu warrior (D:9)
  A deep troll earth mage (D:14)
  5 orc high priests
  Urug (D:10)
  2 skysharks (Lair:5)
  Nergalle (D:11)
  A deep elf knight (D:13)
  A skeletal warrior (D:14)
  A wizard (D:14)
  A swamp dragon (D:12)
  5 orc knights
  3 deep elf pyromancers
  Pikel (D:6)
  2 lindwurms
  9 orc sorcerers (Orc:2)
  A steelbarb worm (shapeshifter) (D:14)
  13 ugly things
  A harpy (shapeshifter) (D:13)
  A necromancer (Gauntlet)
  4 oklob plants (Lair:1)
  7 cyclopes
  11 elephants (Lair:5)
  2 manticores (D:14)
  A torpor snail (Lair:1)
  A guardian serpent (shapeshifter) (D:13)
  6 cane toads
  A gargoyle (D:9)
  2 black mambas
  2 rime drakes
  Psyche (D:9)
  9 komodo dragons
  Maggie (D:5)
  An unseen horror (D:12)
  An efreet (D:14)
  A kobold demonologist (D:11)
  8 trolls
  3 freezing wraiths (D:14)
  2 tengu conjurers (D:13)
  2 merfolk (Lair:3)
  2 hornets (Lair:5)
  2 wind drakes (Lair:5)
  4 polar bears
  Grinder (D:6)
  15 blink frogs
  A raiju (Gauntlet)
  A dream sheep (shapeshifter) (D:14)
  5 slime creatures
  Sigmund (D:6)
  A centaur simulacrum (D:14)
  3 shadows
  7 wyverns
  2 vampires
  A water elemental (D:11)
  6 wraiths
  A fire elemental (D:10)
  4 fire bats (D:10)
  31 yaks
  3 basilisks
  5 steam dragons
  18 vampire mosquitoes
  3 wargs (Orc:2)
  2 swamp worms (Gauntlet)
  An acid dragon (D:13)
  A hell hound (D:10)
  20 water moccasins
  37 orc warriors
  An ice beast (D:5)
  14 ogres
  A sky beast (D:6)
  2 lemures (D:6)
  17 centaurs
  12 wolves
  3 kobold brigands
  3 phantoms
  A gnoll sergeant (D:13)
  2 scorpions
  10 bullfrogs
  4 wights (D:8)
  17 killer bees
  5 electric eels (D:11)
  6 howler monkeys
  2 lava snakes (D:10)
  A jelly (D:6)
  A gnoll bouda (D:9)
  2 hounds
  32 orc priests
  A sleepcap (D:7)
  3 iguanas
  Natasha (D:2)
  18 orc wizards
  10 adders
  19 gnolls
  3 white imps
  3 ufetubi (D:6)
  2 worms
  A dart slug (D:2)
  95 orcs
  5 bats
  5 endoplasms
  14 goblins
  11 hobgoblins
  26 kobolds
  2 quokkas
  5 ball pythons
  3 frilled lizards
  4 rats
712 creatures vanquished.

Vanquished Creatures (others)
  An orc (Orc:2)
  A kobold (D:7)
2 creatures vanquished.

Grand Total: 714 creatures vanquished

Notes
Turn   | Place    | Note
-------+----------+-------------------------------------------
     0 | D:1      | Pooter the Minotaur Berserker began the quest for the Orb.
     0 | D:1      | Reached XP level 1. HP: 19/19 MP: 0/0
   184 | D:1      | Reached XP level 2. HP: 27/27 MP: 1/1
   212 | D:1      | Reached skill level 4 in Axes
   215 | D:1      | Reached skill level 1 in Stealth
   904 | D:2      | Reached XP level 3. HP: 33/33 MP: 2/2
  1309 | D:2      | Noticed Natasha
  1319 | D:2      | Killed Natasha
  1550 | D:3      | Reached XP level 4. HP: 35/40 MP: 3/3
  1620 | D:3      | Found a radiant altar of Vehumet.
  1620 | D:3      | Found a burning altar of Makhleb.
  1620 | D:3      | Found a hazy altar of Hepliaklqana.
  1623 | D:3      | Found a sacrificial altar of Ru.
  1629 | D:3      | Identified the +1 pair of boots "Gunne" {Fly Slay+3 SInv}
  1798 | D:3      | Reached skill level 5 in Axes
  1798 | D:3      | Reached skill level 1 in Ranged Weapons
  1855 | D:3      | Reached XP level 5. HP: 47/47 MP: 4/4
  1881 | D:3      | Found a glowing silver altar of Zin.
  2128 | D:3      | Reached ** piety under Trog
  2493 | D:4      | Reached XP level 6. HP: 53/53 MP: 5/5
  2616 | D:4      | Found a blossoming altar of Fedhas.
  2862 | D:4      | Found a shimmering altar of Xom.
  3164 | D:4      | Found a snail-covered altar of Cheibriados.
  3226 | D:4      | Found a broken altar of Ashenzari.
  3226 | D:4      | Found a shimmering blue altar of Sif Muna.
  3256 | D:5      | Entered Level 5 of the Dungeon
  3331 | D:5      | Noticed an ice beast
  3336 | D:5      | Found a staircase to the Ecumenical Temple.
  3342 | D:5      | Killed an ice beast
  3343 | D:5      | Reached skill level 6 in Axes
  3441 | D:5      | Found a glowing golden altar of the Shining One.
  3560 | D:5      | Reached skill level 5 in Fighting
  3560 | D:5      | Reached XP level 7. HP: 61/61 MP: 6/6
  3971 | D:5      | Reached skill level 7 in Axes
  4141 | D:6      | Noticed Grinder
  4141 | D:6      | Noticed Maggie
  4156 | D:5      | Killed Maggie
  4157 | D:5      | Reached XP level 8. HP: 63/70 MP: 7/7
  4358 | D:6      | Paralysed by Grinder for 5 turns
  4364 | D:6      | Reached skill level 8 in Axes
  4364 | D:6      | Killed Grinder
  4365 | D:6      | Reached skill level 5 in Ranged Weapons
  4376 | D:6      | Upgraded the game from 0.31-a0-532-g28f74ba3e5 to
                  | 0.31-a0-538-gbc85326fa9
  4499 | D:6      | Noticed Sigmund
  4507 | D:6      | Killed Sigmund
  4553 | D:6      | Reached skill level 9 in Axes
  4683 | D:6      | Reached *** piety under Trog
  4705 | D:6      | Found a sparkling altar of Nemelex Xobeh.
  4726 | D:6      | Noticed Pikel
  4736 | D:6      | Killed Pikel
  4737 | D:6      | Reached XP level 9. HP: 57/79 MP: 8/8
  5160 | D:7      | Reached skill level 10 in Axes
  5254 | D:7      | Found Noiph's Jewellery Shoppe.
  6217 | D:8      | Noticed Erica
  6226 | D:8      | Killed Erica
  6227 | D:8      | Reached skill level 11 in Axes
  6449 | D:8      | Found a flagged portal.
  6461 | Bailey   | Entered a bailey
  6470 | Bailey   | Reached **** piety under Trog
  7460 | Bailey   | Noticed an orc warlord
  7910 | Bailey   | Found a runed translucent gate.
  7911 | Bailey   | Found a runed translucent gate.
  7912 | Bailey   | Found a runed translucent gate.
  8084 | Bailey   | Killed an orc warlord
  8085 | Bailey   | Reached XP level 10. HP: 71/90 MP: 9/9
  8148 | Bailey   | Noticed an orc knight
  8152 | Bailey   | Acquired a manual of Throwing
  8207 | Bailey   | Killed an orc knight
  8208 | Bailey   | Reached skill level 1 in Throwing
  8398 | D:8      | Reached skill level 12 in Axes
  8482 | D:8      | Noticed a two-headed ogre
  8488 | D:8      | Killed a two-headed ogre
  8489 | D:8      | Reached skill level 10 in Ranged Weapons
  8704 | D:8      | Identified the +4 ring mail of the Pit {Int+2}
  8871 | D:8      | Found a basalt altar of Yredelemnul.
  9012 | D:8      | Found an ancient bone altar of Kikubaaqudgha.
  9174 | D:9      | Found Ukubim's Elemental Accessories.
  9325 | D:9      | Noticed a two-headed ogre
  9326 | D:9      | Noticed Erolcha
  9342 | D:9      | Killed a two-headed ogre
  9343 | D:9      | Reached XP level 11. HP: 59/97 MP: 10/10
  9351 | D:9      | Noticed Psyche
  9802 | D:9      | Killed Psyche
  9859 | D:9      | Noticed a tengu warrior
  9868 | D:9      | Killed a tengu warrior
  9869 | D:9      | Reached skill level 13 in Axes
 10101 | D:9      | Noticed a two-headed ogre
 10106 | D:9      | Reached skill level 5 in Throwing
 10109 | D:9      | Killed a two-headed ogre
 10109 | D:9      | Noticed a boulder beetle
 10119 | D:9      | Killed a boulder beetle
 10127 | D:9      | Killed Erolcha
 10128 | D:9      | Reached skill level 10 in Fighting
 10177 | D:9      | Identified the +0 barding of Modesty {Harm Will+ rCorr}
 10177 | D:9      | Identified the ring "Foxetis" {rC+ MP-9 Str+5}
 10403 | D:9      | Noticed a two-headed ogre
 10408 | D:9      | Killed a two-headed ogre
 10450 | D:9      | Identified the ring of Tyiluti {Ice Fly rN+ Dex+4}
 10481 | D:10     | Entered Level 10 of the Dungeon
 10668 | D:10     | Noticed a red ugly thing
 10685 | D:10     | Killed a red ugly thing
 10686 | D:10     | Reached skill level 1 in Evocations
 10892 | D:10     | Found a staircase to the Lair.
 10966 | D:10     | Reached skill level 5 in Armour
 11132 | D:10     | Reached skill level 14 in Axes
 11526 | Lair:1   | Entered Level 1 of the Lair of Beasts
 11665 | D:7      | Bought an amulet of regeneration for 420 gold pieces
 11797 | Lair:1   | Reached XP level 12. HP: 107/107 MP: 2/11
 11812 | Lair:1   | Noticed a death yak
 11816 | Lair:1   | Noticed a death yak
 11863 | D:10     | Killed a death yak
 11882 | D:10     | Killed a death yak
 12877 | Lair:2   | Noticed an eight-headed hydra
 12881 | Lair:2   | Killed a five-headed hydra
 12975 | Lair:2   | Noticed a boulder beetle
 12996 | Lair:2   | Killed a boulder beetle
 12997 | Lair:2   | Reached skill level 15 in Axes
 13124 | Lair:2   | Found a runed translucent gate.
 13124 | Lair:2   | Found a runed translucent gate.
 13127 | Lair:2   | Found a runed translucent gate.
 13128 | Lair:2   | Noticed Ocaujig's ghost (journeyman FeCK)
 13128 | Lair:2   | Noticed a 12-headed hydra
 13129 | Lair:2   | Noticed an 11-headed hydra
 13885 | Lair:3   | Reached ***** piety under Trog
 14182 | Lair:3   | Found a staircase to the Shoals.
 14351 | Lair:3   | Found a staircase to the Snake Pit.
 14365 | Lair:3   | Noticed a four-headed hydra
 14370 | Lair:3   | Killed a two-headed hydra
 14530 | Lair:3   | Reached XP level 13. HP: 116/116 MP: 3/12
 14827 | Lair:4   | Found a gate leading to a gauntlet.
 14835 | Gauntlet | Entered a Gauntlet
 14835 | Gauntlet | Found a transporter.
 14848 | Gauntlet | Found a transporter.
 14848 | Gauntlet | Found a transporter.
 14864 | Gauntlet | Found a transporter.
 14867 | Gauntlet | Found a transporter.
 14968 | Gauntlet | Found a transporter.
 14983 | Gauntlet | Found a transporter.
 14985 | Gauntlet | Found a transporter.
 14987 | Gauntlet | Found a transporter.
 14987 | Gauntlet | Found a transporter.
 15017 | Gauntlet | Identified the amulet "Bosedol" {Acrobat Int+3 Dex+3
                  | Slay-3}
 15094 | Gauntlet | Found a transporter.
 15096 | Gauntlet | Identified the amulet of Eternal Harmony {Spirit *Slow +Inv
                  | Will++ Int+2}
 15123 | Gauntlet | Identified the staff "Jelly's Peril" {rF- rC+ Str+5 SInv
                  | Ice}
 15123 | Gauntlet | Noticed a minotaur
 15128 | Gauntlet | Killed a minotaur
 15662 | Lair:4   | Identified the +1 mace of Ykeis {flame, rF+}
 16080 | Lair:4   | Identified the +1 shortbow "Lebudes" {freeze, *Slow Will+
                  | Int+3}
 16385 | Lair:5   | Entered Level 5 of the Lair of Beasts
 16427 | Lair:5   | Reached skill level 16 in Axes
 16693 | Lair:5   | Reached skill level 10 in Throwing
 17243 | Lair:5   | Reached skill level 5 in Evocations
 17472 | Lair:5   | Reached XP level 14. HP: 81/126 MP: 13/13
 17543 | Lair:5   | Identified the +7 rapier of Responsibility {flame, Int+4
                  | Stlth+}
 17802 | Lair:5   | Found a staircase to the Slime Pits.
 18066 | D:11     | Noticed Urug
 18080 | D:10     | Killed Urug
 18640 | D:11     | Found a staircase to the Orcish Mines.
 18679 | D:11     | Acquired the ring of Qieti {rPois rN+}
 18835 | D:11     | Noticed Snorg
 18845 | D:11     | Killed Snorg
 19176 | D:11     | Noticed Nergalle
 19188 | D:11     | Killed Nergalle
 19369 | D:12     | Reached skill level 17 in Axes
 19714 | D:12     | Reached skill level 1 in Maces & Flails
 20302 | D:12     | Noticed Nessos
 20305 | D:12     | Nessos changed into Nessos the swamp dragon
 20305 | D:12     | Noticed Nessos
 20318 | D:12     | Killed Nessos the swamp dragon
 20628 | D:13     | Reached skill level 15 in Ranged Weapons
 20993 | D:13     | Received a gift from Trog
 21264 | D:13     | Identified the staff "Iniuddopn" {rElec Will- Dex+7 Hexes
                  | Air}
 22707 | Orc:1    | Entered Level 1 of the Orcish Mines
 23871 | Orc:1    | Noticed Josephine
 23877 | Orc:1    | Killed Josephine
 24447 | Orc:2    | Entered Level 2 of the Orcish Mines
 24687 | Orc:2    | Found Inoet's Assorted Antiques.
 24694 | Orc:2    | Reached XP level 15. HP: 117/135 MP: 14/14
 24741 | Orc:2    | Bought a scroll of blinking for 165 gold pieces
 24741 | Orc:2    | Bought a bound amber ring for 110 gold pieces
 24741 | Orc:2    | Identified the ring "Zablieju" {+Blink rN+ Str+6} (You
                  | bought it in a shop on level 2 of the Orcish Mines)
 24741 | Orc:2    | Bought a potion of curing for 66 gold pieces
 24749 | Orc:2    | Found Gisecs's Magic Scroll Shoppe.
 24811 | Orc:2    | Bought a scroll of enchant weapon for 127 gold pieces
 24811 | Orc:2    | Bought a scroll of identify for 34 gold pieces
 27195 | Orc:2    | Noticed Rupert
 27215 | Orc:2    | Killed Rupert
 27792 | Orc:2    | Found a staircase to the Elven Halls.
 28609 | Orc:2    | Found Jangy's Antique Weapon Shop.
 28620 | Orc:2    | Bought a runed arbalest for 232 gold pieces
 28744 | Orc:2    | Found Iluuzas's Assorted Antiques.
 28749 | Orc:2    | Reached skill level 10 in Armour
 29096 | D:14     | Reached skill level 5 in Maces & Flails
 31289 | D:14     | Received a gift from Trog
 31839 | D:14     | Noticed a frost giant
 32577 | D:14     | Killed a frost giant
 32933 | D:14     | Reached skill level 18 in Axes
 32940 | D:14     | HP: 7/205 [vault guard/+0 dire flail (7)]
 32941 | D:14     | Slain by a vault guard

Illustrated notes

Levels and vault maps discovered:
D:1:      psy_arrival_dodecagon, layout_basic, kennysheep_boxes
D:2:      layout_basic, feat_on_display, uniq_natasha
D:3:      layout_loops_ring, mainiacjoe_overflow_catwalk,
          grunt_temple_overflow_open
D:4:      layout_cave_pods, mainiacjoe_overflow_paths, old_standard_altar,
          tgw_xom, gammafunk_temple_overflow_statue, minmay_strange_pillars
D:5:      layout_loops_ring, mainiacjoe_overflow_cross_hatched,
          minmay_temple_entry_nine_rooms, chequers_serial_rivers_micro_a,
          abandoned_shop, minmay_misc_feat_diagonals, minmay_crystal_water
D:6:      layout_rooms, nemelex_diamond_rough_becter, uniq_grinder, uniq_pikel,
          uniq_maggie, uniq_sigmund
D:7:      layout_basic, serial_shops, nicolae_shop_trees, lightli_orcish_oven
D:8:      nicolae_cairo_tiling_large_dashed, layout_rooms, lemuel_tele_altar,
          mainiacjoe_overflow_six_doors_small, enter_bailey_5,
          minmay_starry_boxes, uniq_erica
D:9:      minmay_the_grid_four_pointed_star [minmay_the_grid_triangle_9x9_cache,
          minmay_the_grid_triangle_9x9_checkered,
          minmay_the_grid_triangle_9x9_descending_squares,
          minmay_the_grid_triangle_9x9_empty,
          minmay_the_grid_prize_four_corners_diamond_a], layout_gridville,
          nicolae_elemental_shop, uniq_erolcha, uniq_psyche
D:10:     layout_basic, lair_entry_dummy, hangedman_incinerator
D:11:     nicolae_moon_pools, layout_basic, uniq_snorg, uniq_nergalle, uniq_urug
D:12:     layout_loops_corners, uniq_nessos
D:13:     minmay_triangles_in_corner, layout_gridville
D:14:     minmay_expanding_squares, layout_irregular_city, erik_vaults_2
Lair:1:   dpeg_oklob_gauntlet, layout_gridlike
Lair:2:   layout_long_grid, gammafunk_ghost_hydra_chop,
          small_statue_intersection, cheibrodos_lair_caveside_slide
Lair:3:   layout_loops_ring, elwin_shoals_entry_rooms,
          minmay_snake_entry_six_corridors
Lair:4:   layout_misc_corridors, gauntlet_entry_generic, minmay_holes,
          minivault_23, lemuel_fruit_fields
Lair:5:   gammafunk_lair_ancient_temple, layout_loops_ring, slime_entry_1
Orc:1:    layout_caves, uniq_josephine
Orc:2:    pubby_orc_utopia, uniq_rupert

Skill      XL: |  1  2  3  4  5  6  7  8  9 10 11 12 13 14 15 |
---------------+----------------------------------------------+-----
Axes           | 4 5 6 7 9 11 12 14 15 16 17 18 | 18.0
Stealth        | 1 2 3 4 |  4.0
Fighting       | 4 5 6 7 8 9 10 11 12 13 | 13.9
Ranged Weapons | 1 2 4 7 9 10 12 13 14 15 16 | 16.6
Throwing       | 4 6 8 10 12 13 | 13.0
Armour         | 3 5 6 8 9 10 | 10.4
Evocations     | 1 3 5 6 7 |  7.4
Maces & Flails | 3 6 |  6.1
Dodging        | |  2.1

Action                     |  1- 3 |  4- 6 |  7- 9 | 10-12 | 13-15 || total
---------------------------+-------+-------+-------+-------+-------++-------
  Melee: Hand axe          |    53 |    50 |       |       |       ||   103
         Headbutt          |    12 |    12 |    24 |    51 |   164 ||   263
         Punch             |       |     2 |     2 |     2 |     7 ||    13
         Trident           |       |     6 |       |       |       ||     6
         War axe           |       |    40 |    25 |       |       ||    65
         Broad axe         |       |       |   103 |   240 |   644 ||   987
         Executioner's axe |       |       |       |       |    30 ||    30
         Dire flail        |       |       |       |       |    11 ||    11
   Fire: Sling             |       |    20 |    16 |       |       ||    36
         Orcbow            |       |       |   102 |     9 |       ||   111
         Arbalest          |       |       |       |   108 |   302 ||   410
  Throw: Dart              |     1 |     6 |       |     4 |    35 ||    46
         Boomerang         |       |       |       |     8 |    22 ||    30
 Invoke: Berserk           |       |     2 |     2 |     6 |    14 ||    24
         Trog's Hand       |       |     2 |     5 |    10 |    33 ||    50
         Brothers in Arms  |       |       |       |       |     1 ||     1
  Evoke: Tin of tremorston |       |       |       |     2 |     2 ||     4
         Wand              |       |       |       |       |    15 ||    15
    Use: Scroll            |       |     7 |    10 |    16 |    14 ||    47
         Potion            |       |       |     3 |     4 |     7 ||    14
   Stab: Invisible         |       |       |     4 |     6 |     7 ||    17
 Armour: Animal skin       |     4 |       |       |       |       ||     4
         Plate armour      |    12 |    45 |    97 |   172 |   296 ||   622
         Ring mail         |     2 |       |       |       |       ||     2
  Dodge: Dodged            |    22 |    32 |    39 |   118 |   383 ||   594
  Block: Other             |     8 |    22 |    25 |    39 |   137 ||   231
         Reflection        |       |     1 |     1 |     2 |    13 ||    17

Table legend: (Time is in decaauts)
 A = Elapsed time spent in this place.
 B = Non-inter-level travel time spent in this place.
 C = Inter-level travel time spent in this place.
 D = Time resting spent in this place.
 E = Time spent auto-exploring this place.
 F = Levels seen in this place.
 G = Mean time per level.
                   A        B        C        D        E       F      G
               +--------+--------+--------+--------+--------+-----+--------+
         Total |  33037 |  32123 |    914 |  13561 |  13619 |  23 | 1436.4 |
       Dungeon |  19144 |  18479 |    665 |   7053 |   8786 |  14 | 1367.4 |
          Lair |   5892 |   5716 |    176 |   1140 |   3556 |   5 | 1178.4 |
  Orcish Mines |   5775 |   5703 |     72 |   3742 |   1099 |   2 | 2887.5 |
        Bailey |   1874 |   1874 |      0 |   1515 |    111 |   1 | 1874.0 |
      Gauntlet |    350 |    350 |      0 |    109 |     67 |   1 |  350.0 |
               +--------+--------+--------+--------+--------+-----+--------+

Top non-repeatable levels by time:
   Orc:2: 4252 daAuts
    D:14: 3248 daAuts
    D:13: 2844 daAuts
  Bailey: 1874 daAuts
    D:11: 1607 daAuts
   Orc:1: 1522 daAuts
     D:9: 1434 daAuts
  Lair:5: 1369 daAuts
    D:12: 1363 daAuts
  Lair:4: 1326 daAuts
     D:7: 1221 daAuts
    D:10: 1220 daAuts
  Lair:2: 1160 daAuts
     D:8: 1100 daAuts
  Lair:1: 1089 daAuts
